AoeStats
← maneki_meko

Glade

510512265Analyzed
1v1 RM · 2d ago on Oct 1, 2026· 45m 25s· 2 players
Game mode
Random Map
Map size
Tiny (2 player)
Population
200
Speed
Normal
Resources
Standard
Victory
Conquest
Starting age
Dark Age
Ending age
Imperial Age
RankedLock teamsTeams togetherTeam positionsShared explorationLock speedFull tech treeHidden civsTurbo modeCheats
Victory
Defeat
🇦🇷 Vikings · Argentina
513
+15
🇨🇦 Slavs · Canada
489
-15
maneki_meko
12:20 Feudal Age
17:10 Castle Age
15:47 Horse Collar
15:57 Double-Bit Axe
20:14 Wheelbarrow
19:54 Bow Saw
23:24 Stone Mining
23:28 Gold Mining
27:38 Heavy Plow
28:20 Gold Shaft Mining
28:23 Man-at-Arms
28:24 Pikeman
29:05 Squires
28:27 Light Cavalry
29:18 Bloodlines
29:09 Husbandry
29:24 Scale Barding Armor
30:02 Detinets
30:30 Hand Cart
37:35 Imperial Age
37:49 Chain Barding Armor
37:32 Long Swordsman
38:36 Capped Ram
43:55 Elite Boyar
44:56 Conscription
44:41 Elite Skirmisher
The Lron King
11:09 Feudal Age
15:22 Castle Age
13:21 Horse Collar
13:42 Double-Bit Axe
14:34 Stone Mining
15:31 Loom
17:21 Bow Saw
20:04 Heavy Plow
24:52 Town Watch
27:06 Fletching
29:44 Town Patrol
30:27 Bodkin Arrow
30:26 Gold Mining
34:19 Imperial Age
32:00 Crossbowman
32:42 Padded Archer Armor
34:38 Leather Archer Armor
34:50 Ballistics
34:27 Arbalester
35:09 Bracer
36:14 Chemistry
35:38 Conscription
37:14 Ring Archer Armor
36:53 Siege Engineers
36:34 Arrowslits
38:09 Bogsveigar
37:33 Capped Ram
40:05 Crop Rotation
39:54 Chieftains
40:12 Siege Ram
43:43 Hoardings
44:17 Scale Mail Armor
44:27 Forging
45:24 Two-Man Saw
Connection lost

Rejoining the realm…

Still unreachable

The connection could not be restored.

Session expired

The server has moved on; the page needs a fresh start.